 Dungeon Crawl Stone Soup version 0.20-a0-9-g62d82d9 (webtiles) character file.

1457 Naow the Magician (level 8, 0/41 HPs)
             Began as a Deep Elf Fire Elementalist on Nov 1, 2016.
             Was a Believer of Vehumet.
             Slain by an orc warrior
             ... wielding a +0 war axe
              (10 damage)
             ... on level 8 of the Dungeon.
             The game lasted 00:22:25 (7686 turns).

Naow the Magician (Deep Elf Fire Elementalist)      Turns: 7686, Time: 00:22:26

Health: 0/41       AC:  5    Str:  4 (6)  XL:     8   Next: 47%
Magic:  0/20       EV: 15    Int: 21 (22) God:    Vehumet [**....]
Gold:   382        SH:  0    Dex: 14 (15) Spells: 5 memorised, 9 levels left

rFire  . . .     SeeInvis .     d - +5 dagger
rCold  . . .     Gourm    .     a - +0 robe
rNeg   + . .     Faith    .     (no shield)
rPois  .         Spirit   .     (no helmet)
rElec  .         Reflect  .     i - +0 cloak
rCorr  .         Harm     .     q - +0 pair of gloves
MR     .....                    f - +0 pair of boots (curse)
Stlth  ++........               (no amulet)
                                (no ring)
                                j - ring of positive energy

@: very slightly contaminated
A: no striking features
a: Renounce Religion


You were on level 8 of the Dungeon.
You worshipped Vehumet.
Vehumet was pleased with you.
You were hungry.

You visited 2 branches of the dungeon, and saw 9 of its levels.

You collected 382 gold pieces.

Inventory:

Hand Weapons
 d - a +5 dagger (weapon)
Armour
 a - a +0 robe (worn)
 f - a cursed +0 pair of boots (worn)
 i - a +0 cloak (worn)
 q - a +0 pair of gloves (worn)
Rods
 u - a +0 iron rod (9/9)
   (You found it on level 7 of the Dungeon)
Jewellery
 j - a ring of positive energy (left hand)
Wands
 z - a wand of flame (38/48)
Scrolls
 l - a scroll of fear {unknown}
 n - 9 scrolls of identify
 p - 3 scrolls of remove curse
 s - 2 scrolls of enchant weapon {unknown}
 v - 5 scrolls of teleportation
 w - a scroll of magic mapping {unknown}
 y - 6 scrolls of blinking {unknown}
 A - a scroll of recharging {unknown}
Potions
 e - a potion of beneficial mutation {unknown}
 h - 2 potions of curing
 k - 2 potions of agility
 m - a potion of resistance
 r - a potion of flight
Books
 b - a book of Flames

   Spells                             Type                      Level
   a - Flame Tongue                   Conjuration/Fire             1
   b - Throw Flame                    Conjuration/Fire             2
   c - Conjure Flame                  Conjuration/Fire             3
   d - Inner Flame                    Hexes/Fire                   3
   e - Sticky Flame                   Conjuration/Fire             4
   f - Fireball                       Conjuration/Fire             5
 C - a book of Cantrips

   Spells                             Type                      Level
   a - Confusing Touch                Hexes                        1
   b - Animate Skeleton               Necromancy                   1
   c - Summon Small Mammal            Summoning                    1
   d - Apportation                    Translocation                1
Comestibles
 c - 6 bread rations
 g - 3 meat rations
 o - 4 fruits
 t - 3 slices of pizza
 B - a royal jelly
 D - a beef jerky


   Skills:
 + Level 4.2 Short Blades
 + Level 6.1 Dodging
 - Level 2.4 Stealth
 + Level 6.8 Spellcasting
 + Level 5.4 Conjurations
 + Level 5.9 Fire Magic


You had 9 spell levels left.
You knew the following spells:

 Your Spells              Type           Power        Failure   Level  Hunger
a - Flame Tongue          Conj/Fire      ####.        1%          1    None
b - Throw Flame           Conj/Fire      ####..       1%          2    None
c - Conjure Flame         Conj/Fire      ####....     2%          3    #......
d - Sticky Flame          Conj/Fire      ####....     12%         4    ###....
e - Magic Dart            Conj           ####         1%          1    None


Dungeon Overview and Level Annotations

Branches:
Dungeon (8/15)             Temple (1/1) D:4
   Lair: D:8-11

Altars:
Ashenzari
Cheibriados
Dithmenos
Elyvilon
Fedhas
Hepliaklqana
Makhleb
Nemelex Xobeh
Okawaru
Qazlal
Ru
Sif Muna
Trog
Uskayaw
Vehumet
Xom
Yredelemnul
Zin
The Shining One

Shops:
D:6 *

Annotations:
D:5 1 runed door


Message History

The orc warrior barely misses you.
Casting: Throw Flame
Confirm with . or Enter, or press ? or * to list all spells.
Aiming: Throw Flame
Press: ? - help, Shift-Dir - straight line, f/p - orc warrior
Aim: an orc warrior, wielding a war axe and wearing a plate armour (almost dead)
The puff of flame hits the orc warrior.
The orc warrior appears unharmed.
The orc warrior is almost dead.
The orc warrior hits you but does no damage.
Casting: Throw Flame
Confirm with . or Enter, or press ? or * to list all spells.
Aiming: Flame Tongue
Press: ? - help, Shift-Dir - straight line, f/p - orc warrior
Aim: an orc warrior, wielding a war axe and wearing a plate armour (almost dead)
The flame tongue hits the orc warrior.
The orc warrior is almost dead.
You barely miss the orc warrior.
The orc warrior is almost dead.
The orc warrior hits you with a war axe!
You die...

#. .## #.
....#.###########.#
###...)...<.>.....#
#......)#########..
#.#.#.#.# # #.# #o#
#@# #.# #.# #.. ###


You could see an orc warrior.

Vanquished Creatures
  A water moccasin (D:7)
  A necrophage (D:6)
  A centaur (D:5)
  4 ogres
  A howler monkey (D:5)
  3 crimson imps
  2 jellies
  3 hounds
  A bullfrog skeleton (D:4)
  2 orc priests
  2 orc wizards (D:7)
  Jessica (D:3)
  An iguana (D:8)
  3 worker ants
  Robin (D:3)
  6 adders
  4 gnolls (D:6)
  A howler monkey skeleton (D:4)
  A shadow imp (D:5)
  An ooze (D:1)
  3 adder skeletons
  A worm (D:4)
  3 dart slugs
  7 leopard geckos
  18 orcs
  3 ball pythons (D:3)
  5 bats
  5 giant cockroaches
  14 goblins
  9 hobgoblins
  10 jackals
  2 quokkas (D:5)
  A ball python skeleton (D:4)
  7 frilled lizards
  10 kobolds
  12 rats
150 creatures vanquished.

Notes
Turn   | Place    | Note
-------+----------+-------------------------------------------
     0 | D:1      | Naow the Deep Elf Fire Elementalist began the quest for the Orb.
     0 | D:1      | Reached XP level 1. HP: 10/10 MP: 6/6
    75 | D:1      | Reached XP level 2. HP: 15/15 MP: 2/8
   383 | D:1      | Learned a level 2 spell: Throw Flame
   835 | D:1      | Reached XP level 3. HP: 19/19 MP: 0/10
  1682 | D:2      | Reached XP level 4. HP: 24/24 MP: 8/11
  1704 | D:2      | Found a burning altar of Makhleb.
  1794 | D:2      | Learned a level 3 spell: Conjure Flame
  1799 | D:2      | Learned a level 4 spell: Sticky Flame
  1899 | D:3      | Reached skill level 1 in Short Blades
  1904 | D:3      | Noticed Robin
  2109 | D:4      | Found a staircase to the Ecumenical Temple.
  2125 | D:4      | Reached XP level 5. HP: 14/28 MP: 0/13
  2331 | Temple   | Entered the Ecumenical Temple
  2642 | D:4      | Found a shattered altar of Ashenzari.
  2655 | D:4      | Found a basalt altar of Yredelemnul.
  3190 | D:3      | Killed Robin
  3350 | D:3      | Found a bloodstained altar of Trog.
  3390 | D:3      | Noticed Jessica
  3393 | D:3      | Killed Jessica
  3589 | D:3      | Reached XP level 6. HP: 32/32 MP: 3/14
  3982 | D:4      | Found a stormy altar of Qazlal.
  4013 | D:4      | Found a radiant altar of Vehumet.
  4026 | D:4      | Became a worshipper of Vehumet
  4171 | D:3      | Found a faded altar of an unknown god.
  4657 | D:5      | Entered Level 5 of the Dungeon
  4679 | D:5      | Found a sparkling altar of Nemelex Xobeh.
  4684 | D:5      | Reached skill level 5 in Spellcasting
  4868 | D:5      | Found a runed door.
  4993 | D:5      | Reached XP level 7. HP: 36/36 MP: 6/17
  5067 | D:5      | Reached * piety under Vehumet
  5067 | D:5      | Offered knowledge of Magic Dart by Vehumet.
  5077 | D:5      | Learned a level 1 spell: Magic Dart
  5212 | D:5      | Found a sacrificial altar of Ru.
  5433 | D:5      | Reached skill level 5 in Dodging
  5433 | D:5      | Reached skill level 5 in Fire Magic
  6235 | D:6      | Found Veseril's Hallowed Reliquary.
  6235 | D:6      | Found a glowing golden altar of the Shining One.
  6235 | D:6      | Noticed an angel
  6631 | D:6      | Found a faded altar of an unknown god.
  6631 | D:6      | Found a faded altar of an unknown god.
  6636 | D:6      | Found a sacrificial altar of Ru.
  6638 | D:6      | Found a faded altar of an unknown god.
  6640 | D:6      | Found a faded altar of an unknown god.
  6714 | D:7      | Found a glowing silver altar of Zin.
  6727 | D:7      | Reached XP level 8. HP: 41/41 MP: 4/19
  6928 | D:7      | Reached skill level 5 in Conjurations
  6948 | D:7      | HP: 2/41 [poisoned by a water moccasin]
  6956 | D:7      | HP: 2/41 [poisoned by a water moccasin]
  7390 | D:7      | Reached ** piety under Vehumet
  7566 | D:8      | Offered knowledge of Freeze by Vehumet.
  7686 | D:8      | Slain by an orc warrior

Vault maps used:
D:1:      dpeg_arrival_connections, minmay_pentomino_u2
D:2:      makhleb_blood_cavern_becter
D:3:      old_standard_altar, ecumenical_altar_1, first_bread, uniq_jessica,
          uniq_robin
D:4:      nicolae_overflow_quartered_altars
D:5:      nemelex_xobeh_ov_fountains_minmay, nicolae_ru_awakened_eye,
          uniq_crazy_yiuf_cottage
D:6:      chequers_temple_overflow_minitemple, roderic_digamma_sauvastika,
          nicolae_good_shop
D:7:      zin_academy, uniq_pikel
Temple:   dpeg_chambers_temple

Skill      XL: |  1  2  3  4  5  6  7  8 |
---------------+-------------------------+-----
Dodging        | 3 4 5 6 |  6.1
Conjurations   | 2 3 4 5 |  5.4
Short Blades   | 1 2 3 4 |  4.2
Spellcasting   | 4 5 6 |  6.8
Fire Magic     | 4 5 |  5.9
Stealth        | |  2.4

Action                   |  1- 3 |  4- 6 |  7- 9 || total
-------------------------+-------+-------+-------++-------
Melee: Unarmed           |    12 |       |       ||    12
       Dagger            |     3 |    80 |    21 ||   104
 Cast: Flame Tongue      |    28 |    28 |     7 ||    63
       Throw Flame       |    43 |    94 |   110 ||   247
       Conjure Flame     |       |     2 |     7 ||     9
  Use: Potion            |     2 |       |     7 ||     9
       Scroll            |       |     4 |       ||     4
  Eat: Chunk             |     3 |     8 |     9 ||    20
       Royal jelly       |       |     1 |       ||     1
Armor: Skin              |     3 |       |       ||     3
       Robe              |     2 |    19 |     8 ||    29
Dodge: Dodged            |    23 |    70 |    38 ||   131
